 Dungeon Crawl Stone Soup version 0.24.0-10-g970556be89 (webtiles) character file.

Game seed: 7639374447156451353, levelgen mode: deterministic

180 Delamore the Chopper (level 5, -6/48 HPs)
             Began as a Hill Orc Monk on Nov 4, 2019.
             Mangled by a wight
             ... wielding a cursed +3 morningstar
              (8 damage)
             ... on level 2 of the Dungeon.
             The game lasted 00:05:50 (1781 turns).

Delamore the Chopper (Hill Orc Monk)                Turns: 1781, Time: 00:05:50

Health: -6/48      AC:  8    Str: 15    XL:     5   Next: 60%
Magic:  5/5        EV: 11    Int: 10    God:
Gold:   104        SH:  0    Dex: 13    Spells: 4/4 levels left

rFire    . . .     SeeInvis .   a - +0 hand axe
rCold    . . .     Gourm    .   (no shield)
rNeg     + . .     Faith    .   j - +0 ring mail
rPois    .         Spirit   .   d - +1 helmet
rElec    .         Reflect  .   (no cloak)
rCorr    .         Harm     .   (no gloves)
MR       .....                  e - +0 pair of boots
Stlth    +.........             (no amulet)
HPRegen  0.16/turn              k - ring of positive energy
MPRegen  0.09/turn              (no ring)

@: lightly drained
A: no striking features
a: no special abilities


You were on level 2 of the Dungeon.
You were not hungry.

You visited 1 branch of the dungeon, and saw 3 of its levels.

You collected 104 gold pieces.

Inventory:

Hand Weapons
 a - a +0 hand axe (weapon)
Missiles
 p - 12 poisoned darts (quivered)
Armour
 d - a +1 helmet (worn)
 e - a +0 pair of boots (worn)
 j - a +0 ring mail (worn)
Jewellery
 k - a ring of positive energy (left hand)
Scrolls
 h - a scroll of blinking {unknown}
 m - a scroll of enchant weapon {unknown}
 n - 3 scrolls of identify {unknown}
 o - a scroll of teleportation {unknown}
Potions
 b - a potion of brilliance {unknown}
 f - 5 potions of curing {unknown}
 g - a potion of berserk rage {unknown}
 l - a potion of flight {unknown}
Comestibles
 c - 9 rations


   Skills:
 + Level 5.0(4.7) Fighting
 + Level 6.0(5.7) Axes
 + Level 0.1(0.0) Throwing
 * Level 2.6(2.3) Armour
 - Level 2.5(2.2) Dodging
 - Level 1.5(1.3) Stealth


You had 4 spell levels left.
You didn't know any spells.
Your spell library contained the following spells:

 Spells                   Type           Power        Failure   Level  Hunger
 Animate Skeleton         Necr           N/A          58%         1    ##.....
 Apportation              Tloc           #.....       58%         1    ##.....
 Confusing Touch          Hex            #.....       58%         1    ##.....
 Summon Small Mammal      Summ           #...         58%         1    ##.....


Dungeon Overview and Level Annotations

Branches:
Dungeon (3/15)

Altars:


Message History

You are too injured to fight recklessly!
You are too injured to fight recklessly!
You are too injured to fight recklessly!
You are too injured to fight recklessly!
You hit the wight but do no damage.
The wight is severely damaged.
The wight hits you but does no damage.
You hit the wight but do no damage.
The wight is severely damaged.
The wight hits you with a cursed +3 morningstar!
* * * LOW HITPOINT WARNING * * *
You partially resist.
You feel drained.
* * * LOW HITPOINT WARNING * * *
You closely miss the wight.
The wight is severely damaged.
The wight closely misses you.
You closely miss the wight.
The wight is severely damaged.
The wight hits you with a cursed +3 morningstar!
You die...

#.#.###..# #......#
#####.#.###..# #......#
..........##.## #......#
.####.#.#.##..###......#
.##....................#
....#####.###.###......#
#########.##....###+######
........#.##..........<..#
........#.##...z@........#
...............>.........#
........#.##.............#
........#.##.............#
........#.##.............#
........#.##........######
........#.######....#
........#.#.........#
........#.#.####...##


You could see a wight.

Vanquished Creatures
  A wight (D:3)
  Robin (D:2)
  5 adders
  A worm (D:2)
  2 dart slugs
  2 leopard geckos (D:2)
  4 giant cockroaches
  17 goblins
  12 hobgoblins
  6 kobolds
  A ball python (D:2)
  11 bats
  4 frilled lizards (D:2)
  7 rats
74 creatures vanquished.

Notes
Turn   | Place    | Note
-------+----------+-------------------------------------------
     0 | D:1      | Delamore the Hill Orc Monk began the quest for the Orb.
     0 | D:1      | Reached XP level 1. HP: 19/19 MP: 1/1
    80 | D:1      | Reached XP level 2. HP: 27/27 MP: 2/2
   361 | D:1      | Reached skill level 1 in Armour
   361 | D:1      | Reached XP level 3. HP: 32/33 MP: 3/3
   865 | D:2      | Noticed Robin
   873 | D:2      | Reached skill level 5 in Axes
   897 | D:2      | Killed Robin
   897 | D:2      | Reached XP level 4. HP: 29/41 MP: 4/4
  1308 | D:2      | Reached XP level 5. HP: 47/47 MP: 5/5
  1763 | D:3      | Reached skill level 5 in Fighting
  1763 | D:3      | Reached skill level 6 in Axes
  1778 | D:2      | HP: 1/48 [wight/cursed +3 morningstar (2)]
  1781 | D:2      | Mangled by a wight

Levels and vault maps discovered:
D:1:      dpeg_arrival_tiny_b, layout_basic, st_stairs_13
D:2:      layout_basic, first_ration, chequers_serial_rivers_micro_e, uniq_robin
D:3:      layout_rooms

Skill      XL: |  1  2  3  4  5 |
---------------+----------------+-----
Fighting       | 4 5 |  5.0
Armour         | 1 2 |  2.6
Axes           | 5 6 |  6.0
Throwing       | |  0.1
Dodging        | |  2.5
Stealth        | |  1.5

Action                   |  1- 3 |  4- 6 || total
-------------------------+-------+-------++-------
Melee: Hand axe          |    86 |   141 ||   227
Throw: Javelin           |     4 |     4 ||     8
 Stab: Sleeping          |     4 |       ||     4
  Eat: Chunk             |       |     3 ||     3
Armor: Robe              |    15 |       ||    15
       Ring mail         |    10 |    78 ||    88
Dodge: Dodged            |    58 |    87 ||   145
